 Dungeon Crawl Stone Soup version 0.22-a0-181-gb22368a (webtiles) character file.

60 KristoblXynda the Ducker (level 3, -1/17 HPs)
             Began as a Felid Monk on Feb 14, 2018.
             Slain by a gnoll
             ... wielding a +0 halberd
              (9 damage)
             ... on level 3 of the Dungeon.
             The game lasted 00:06:18 (3917 turns).

KristoblXynda the Ducker (Felid Monk)               Turns: 3917, Time: 00:06:19

Health: -1/17      AC:  1    Str:  8    XL:     3   Next: 80%
Magic:  4/4        EV: 21    Int: 13    God:
Gold:   74         SH:  0    Dex: 18    Spells: 2/2 levels left
                                        Lives:  0   Deaths: 1

rFire    . . .     SeeInvis +     - Unarmed
rCold    . . .     Gourm    .   (shield unavailable)
rNeg     . . .     Faith    .   (armour unavailable)
rPois    .         Spirit   .   (helmet unavailable)
rElec    .         Reflect  .   (cloak unavailable)
rCorr    .         Harm     .   (gloves unavailable)
MR       .....     Clarity  +   (boots unavailable)
Stlth    +++.......             (no amulet)
HPRegen  0.05/turn              (no ring)
MPRegen  0.09/turn              (no ring)

@: quick
A: very small, no armour, no weapons or thrown items, stealth, claws 1, fangs 3,
see invisible, carnivore, clarity, clever 1, speed 1, shaggy fur 1, slow
metabolism 1, wild magic 1, sharp paws
a: no special abilities


You were on level 3 of the Dungeon.
You were not hungry.

You visited 1 branch of the dungeon, and saw 3 of its levels.

You collected 74 gold pieces.

Inventory:

Scrolls
 g - a scroll of remove curse
Potions
 c - 2 potions of curing {unknown}
 h - a potion of lignification {unknown}
Comestibles
 a - 3 rations


   Skills:
 + Level 3.3 Fighting
 + Level 5.1 Dodging
 + Level 4.3 Stealth
 * Level 4.1 Unarmed Combat


You had 2 spell levels left.
You didn't know any spells.

Dungeon Overview and Level Annotations

Branches:
Dungeon (3/15)

Altars:

Annotations:
D:3 p0werm0de's ghost, amateur OpSk


Innate Abilities, Weirdness & Mutations

You cannot wear armour.
You are incapable of wielding weapons or throwing items.
Your paws allow you to move quietly. (Stealth)
You have sharp claws.
You have razor-sharp teeth.
You have supernaturally acute eyesight. (SInv)
You are carnivorous and can eat meat at any time.
You cover ground quickly.
You are covered in fur. (AC +1)
You have a slow metabolism.
Your sharp claws are effective at attacking unaware monsters.
You possess an exceptional clarity of mind.
Your mind is acute. (Int +2)
Your spells are a little harder to cast, but a little more powerful.


Message History

P0werm0de's ghost keens inconsolably.
P0werm0de's ghost shrieks, "There is no future for me!"
Found a robe.
You closely miss the orc.
The orc hits you with a war axe of electrocution!
You barely miss the orc. The gnoll completely misses you.
The orc barely misses you.
A ball python comes into view.
The ball python moves out of view.
The ball python hisses angrily.
There is a stone staircase leading up here.
A ball python is nearby!
You scratch the orc.
The orc is lightly wounded.
The orc closely misses you.
You barely miss the orc.
The orc is lightly wounded.
The gnoll hits you from afar with a halberd!
Ouch! That really hurt!
You die...

## #.####..# ###..
.....#..# ... ##.##.#..# #
#.. ...#.#..### #g# ##.##
#..#)#.... ...#
###...#####..#.#..##.....
#.....o.g.#..#.#.........
#.#...###oS..)........[..
##.## #@##.........(...
#.# #.##.#.##.##..... #
#.####.##.#.##.##..... #.
####g..........##.##.....
##.##o.g.r..o.###.###.##.#
.. #...#g###.###.# #.#
#.##.# # #..###o#
#.###.###.##.#
#....#.###........ #.#
#.go...........### #.#


You could see a gnoll, 2 orcs and a ball python.

Vanquished Creatures
  A gnoll (D:2)
  5 adders (D:2)
  An ooze (D:3)
  5 worms
  3 dart slugs (D:2)
  3 orcs
  8 bats
  2 hobgoblins (D:2)
  4 kobolds
  3 frilled lizards
  10 goblins
  3 rats
48 creatures vanquished.

Notes
Turn   | Place    | Note
-------+----------+-------------------------------------------
     0 | D:1      | KristoblXynda the Felid Monk began the quest for the Orb.
     0 | D:1      | Reached XP level 1. HP: 10/10 MP: 2/2
   507 | D:1      | Reached XP level 2. HP: 14/14 MP: 3/3
   950 | D:2      | Gained mutation: Your spells are a little harder to cast, but a little more powerful. [potion of mutation]
   950 | D:2      | Gained mutation: You possess an exceptional clarity of mind. [potion of mutation]
   950 | D:2      | Gained mutation: Your mind is acute. (Int +2) [potion of mutation]
  1290 | D:2      | Reached XP level 3. HP: 11/17 MP: 4/4
  2192 | D:2      | Reached XP level 4. HP: 20/21 MP: 5/5
  2740 | D:2      | Reached skill level 5 in Dodging
  2972 | D:3      | Noticed p0werm0de's ghost (amateur OpSk)
  3844 | D:2      | Slain by a gnoll
  3845 | D:2      | Reached XP level 3. HP: 0/17 MP: 4/4
  3917 | D:3      | Slain by a gnoll

Vault maps used:
D:1:      dpeg_arrival_arbitrary_b
D:2:      first_ration
D:3:      kiku_gazebo_pond_becter

Skill      XL: |  1  2  3  4 |
---------------+-------------+-----
Stealth        | 3 4 |  4.3
Dodging        | 5 |  5.1
Unarmed Combat | 4 |  4.1
Fighting       | |  3.3

Action                   |  1- 3 |  4- 6 || total
-------------------------+-------+-------++-------
Melee: Unarmed           |    96 |    90 ||   186
       Bite              |     7 |    14 ||    21
       Punch             |     1 |     2 ||     3
  Use: Potion            |     2 |       ||     2
       Scroll            |       |     5 ||     5
 Stab: Sleeping          |     3 |     4 ||     7
       Distracted        |     1 |     1 ||     2
  Eat: Chunk             |    10 |     2 ||    12
Armor: Skin              |     4 |     1 ||     5
Dodge: Dodged            |    88 |    78 ||   166

Table legend:
 A = Spawn XP
 B = Non-spawn XP
 C = Spawn XP percentage of total XP
 D = Spawn monster count
 E = Non-spawn monster count
 F = Spawn count percentage of total count
 G = Total turns spent on level
                    A         B        C        D         E        F      G
               +---------+---------+-------+---------+---------+-------+---------
         Total |       0 |     178 |   0.0 |       0 |      48 |   0.0 |  3917
               +---------+---------+-------+---------+---------+-------+---------
           D:1 |       0 |      12 |   0.0 |       0 |       8 |   0.0 |  1261
           D:2 |       0 |     143 |   0.0 |       0 |      31 |   0.0 |  2391
           D:3 |       0 |      23 |   0.0 |       0 |       9 |   0.0 |   265
               +---------+---------+-------+---------+---------+-------+---------
